 Dungeon Crawl Stone Soup version 0.24-a0-769-g368c1644f8 (webtiles) character file.

Game seed: 3024781783981429356, levelgen mode: deterministic

1091 Erlindor the Archer (level 8, 0/73 HPs)
             Began as a Centaur Hunter on Oct 5, 2019.
             Was an Initiate of Gozag.
             Shot with an arrow by a centaur (13 damage)
             ... on level 6 of the Dungeon.
             The game lasted 00:25:16 (7231 turns).

Erlindor the Archer (Centaur Hunter)                Turns: 7231, Time: 00:25:16

Health: 0/73       AC:  9    Str: 15    XL:     8   Next: 9%
Magic:  8/8        EV:  7    Int: 10    God:    Gozag
Gold:   179        SH:  0    Dex: 12    Spells: 7/7 levels left

rFire    + . .     SeeInvis .   b - +0 hand axe (chop)
rCold    . . .     Gourm    .   (no shield)
rNeg     . . .     Faith    .   v - +2 scale mail {rF+}
rPois    +         Spirit   .   (no helmet)
rElec    .         Reflect  .   (no cloak)
rCorr    .         Harm     .   c - +0 pair of gloves
MR       .....                  (no barding)
Stlth    ..........             (no amulet)
HPRegen  0.22/turn              i - ring of poison resistance
MPRegen  0.11/turn              (no ring)

@: very quick
A: large, hooves 3, deformed body, speed 2, tough skin 3
a: Potion Petition, Call Merchant, Bribe Branch, Renounce Religion


You were on level 6 of the Dungeon.
You worshipped Gozag.
Gozag was aware of your devotion.
You were not hungry.

You visited 1 branch of the dungeon, and saw 6 of its levels.

You collected 245 gold pieces.
You paid 66 gold pieces to Gozag.

Inventory:

Hand Weapons
 a - a +1 shortbow
 b - a +0 hand axe of chopping (weapon)
Missiles
 d - 50 arrows
Armour
 c - a +0 pair of gloves (worn)
 v - a +2 scale mail of fire resistance (worn)
Jewellery
 i - a ring of poison resistance (left hand)
Wands
 k - a wand of flame (16)
 m - a wand of enslavement (6)
 p - a wand of polymorph (7)
 q - a wand of iceblast (11)
Scrolls
 g - 2 scrolls of remove curse
 j - a scroll of amnesia {unknown}
 o - 6 scrolls of identify
 t - 2 scrolls of blinking {unknown}
 u - a scroll of immolation {unknown}
Potions
 e - 3 potions of heal wounds
 h - a potion of brilliance {unknown}
 l - a potion of curing {unknown}
 n - a potion of degeneration {unknown}
 r - a potion of berserk rage {unknown}
 s - a potion of mutation {unknown}
Comestibles
 f - 7 rations


   Skills:
 + Level 7.0 Fighting
 + Level 10.2 Bows
 - Level 1.3 Dodging
 - Level 0.4 Stealth


You had 7 spell levels left.
You didn't know any spells.
Your spell library was empty.

Dungeon Overview and Level Annotations

Branches:
Dungeon (6/15)
 Temple: D:4-7

Altars:
Gozag
Nemelex Xobeh

Annotations:
D:2 Sigmund


Innate Abilities, Weirdness & Mutations

You have hooves in place of feet.
Armour fits poorly on your strangely shaped body.
You cover ground very quickly.
You have extremely tough skin. (AC +3)


Message History

Firing (i - inventory)
d - 51 arrows (quivered)
Press: ? - help, Shift-Dir - straight line, f/p - howler monkey
Aim: a howler monkey (lightly wounded, catching its breath)
You shoot an arrow. The arrow hits the howler monkey.
The howler monkey is moderately wounded.
The howler monkey falls through a shaft!
The shaft crumbles and collapses.
The centaur wields a +0 shortbow.
The centaur shoots an arrow.
The arrow barely misses you.
You see here an arrow.
There is a shaft here.
The centaur shoots an arrow.
The arrow barely misses you.
The centaur shoots an arrow.
The arrow hits you.
* * * LOW HITPOINT WARNING * * *
There is a shaft here.
You see here 2 arrows.
b - a +0 hand axe of chopping (weapon)
The centaur shoots an arrow.
The arrow hits you!
You die...
Your body crumbles into a pile of gold.

#...#......^.^...^.^......>#.....
..###...##......^.(..............
#..##...##....^...^.............#
#....#..##......^........###...##
....##...#...............# ##.##
....##...........c^.....## ###
.......##.#####.^........#
.....#.## ####..##..#.###
.....#.## #....@....###
........## ##.#.....## .........#
#.....### ....##...####......#
##....#...##...##..#
#....###....####### ##..# #...##
#.. ##### ##.


You could see a centaur.

Vanquished Creatures
  An orc warrior (D:6)
  An ogre (D:3)
  A bullfrog (D:6)
  A water moccasin skeleton (D:5)
  2 howler monkeys
  4 crimson imps
  A centaur zombie (D:6)
  2 orc priests (D:4)
  2 orc wizards (D:4)
  A gnoll shaman (D:5)
  Jessica (D:2)
  An iguana (D:4)
  3 worker ants
  Ijyb (D:5)
  4 gnolls
  5 adders
  A shadow imp (D:5)
  5 oozes
  2 adder skeletons
  2 worms
  3 dart slugs
  2 leopard geckos
  19 orcs
  2 ball pythons
  6 giant cockroaches
  7 hobgoblins
  9 jackals
  10 kobolds
  3 quokkas
  6 bats
  8 frilled lizards
  9 goblins
  2 quokka skeletons
  8 rats
135 creatures vanquished.

Notes
Turn   | Place    | Note
-------+----------+-------------------------------------------
     0 | D:1      | Erlindor the Centaur Hunter began the quest for the Orb.
     0 | D:1      | Reached XP level 1. HP: 17/17 MP: 1/1
    97 | D:1      | Reached XP level 2. HP: 11/25 MP: 2/2
   561 | D:1      | Reached skill level 6 in Bows
   645 | D:1      | Reached XP level 3. HP: 30/30 MP: 3/3
   940 | D:2      | Noticed Jessica
  1093 | D:2      | Noticed Sigmund
  1534 | D:2      | Killed Jessica
  1534 | D:2      | Reached XP level 4. HP: 38/38 MP: 4/4
  2787 | D:3      | Noticed an ogre
  2882 | D:3      | Reached skill level 7 in Bows
  3268 | D:3      | Reached XP level 5. HP: 34/46 MP: 5/5
  3689 | D:3      | Found a sparkling altar of Nemelex Xobeh.
  3938 | D:3      | Killed an ogre
  4350 | D:4      | Reached XP level 6. HP: 49/53 MP: 6/6
  4393 | D:5      | Entered Level 5 of the Dungeon
  4722 | D:4      | HP: 1/53 [orc wizard/puff of flame (11)]
  4740 | D:4      | Reached skill level 8 in Bows
  5042 | D:4      | Reached skill level 5 in Fighting
  5451 | D:4      | Reached XP level 7. HP: 61/61 MP: 7/7
  5834 | D:5      | Noticed Edmund
  5863 | D:5      | Noticed Edmund
  5863 | D:5      | Edmund changed into Edmund the worm
  5868 | D:5      | Killed Edmund the worm
  5951 | D:5      | Reached skill level 9 in Bows
  6057 | D:5      | Found an opulent altar of Gozag.
  6065 | D:5      | Noticed Ijyb
  6103 | D:5      | Killed Ijyb
  6815 | D:5      | Became a worshipper of Gozag Ym Sagoz the Greedy
  7172 | D:6      | Reached skill level 10 in Bows
  7183 | D:6      | Reached XP level 8. HP: 41/71 MP: 8/8
  7231 | D:6      | Shot with an arrow by a centaur

Levels and vault maps discovered:
D:1:      evilmike_arrival_hilbert_curve, layout_basic, st_stairs_14
D:2:      layout_rooms, uniq_jessica, uniq_sigmund
D:3:      minmay_razor_zed, layout_basic, st_stairs_12,
          nemelex_dance_club_becter
D:4:      layout_basic
D:5:      layout_basic, first_ration, basic_altar, uniq_ijyb, uniq_edmund
D:6:      layout_cave_pools, temple_pool_b, serial_bayou_pond_b, minmay_holes

Skill      XL: |  1  2  3  4  5  6  7  8 |
---------------+-------------------------+-----
Bows           | 6 7 8 10 | 10.2
Fighting       | 3 4 5 6 7 |  7.0
Dodging        | |  1.3
Stealth        | |  0.4

Action                   |  1- 3 |  4- 6 |  7- 9 || total
-------------------------+-------+-------+-------++-------
Melee: Short sword       |       |    93 |       ||    93
       Kick              |       |    23 |    24 ||    47
       Hand axe          |       |       |    70 ||    70
 Fire: Shortbow          |    92 |   171 |    96 ||   359
Evoke: Wand              |       |       |     2 ||     2
  Use: Scroll            |       |     5 |       ||     5
       Potion            |       |     1 |       ||     1
  Eat: Chunk             |     1 |    10 |     2 ||    13
       Ration            |       |       |     1 ||     1
Armor: Leather armour    |    13 |    43 |     4 ||    60
       Scale mail        |       |       |    33 ||    33
       Skin              |       |       |     1 ||     1
Dodge: Dodged            |     6 |    66 |    31 ||   103

Table legend:
 A = Non-vault XP
 B = Vault XP
 C = Vault XP percentage of total XP
 D = Non-vault monster count
 E = Vault monster count
 F = Vault count percentage of total count
                 A         B        C        D         E       F
            +---------+---------+-------+---------+---------+-------
      Total |    1297 |     262 |  16.8 |     114 |      21 |  15.6
            +---------+---------+-------+---------+---------+-------
        D:1 |      56 |       1 |   1.8 |      22 |       1 |   4.3
        D:2 |      49 |      37 |  43.0 |      20 |       1 |   4.8
        D:3 |      51 |     184 |  78.3 |      19 |      17 |  47.2
        D:4 |     381 |       0 |   0.0 |      27 |       0 |   0.0
        D:5 |     362 |      40 |  10.0 |      15 |       2 |  11.8
        D:6 |     398 |       0 |   0.0 |      11 |       0 |   0.0
            +---------+---------+-------+---------+---------+-------
